 Dungeon Crawl Stone Soup version 0.26.1-2-gb8aa6d0cf2 (webtiles) character file.

Game seed: 4443430824425737108

3565 Phaedo the Covert (level 10, -8/94 HPs)
             Began as an Octopode Delver on Mar 30, 2021.
             Was an Elder of Elyvilon.
             Mangled by a two-headed ogre
             ... wielding a +0 dire flail
              (10 damage)
             ... on level 8 of the Dungeon.
             The game lasted 00:31:43 (15431 turns).

Phaedo the Covert (Octopode Delver)                Turns: 15431, Time: 00:31:44

Health: -8/94      AC: 25    Str: 10 (13) XL:     10   Next: 9%
Magic:  14/14      EV:  2    Int: 14 (15) God:    Elyvilon [****..]
Gold:   463        SH:  0    Dex: 11 (13) Spells: 9/9 levels left

rFire    . . .     SeeInvis .   a - +1 spear
rCold    . . .     Faith    .   (no shield)
rNeg     + + +     Spirit   .   (helmet currently unavailable)
rPois    +         Reflect  .   (no amulet)
rElec    .         Harm     .   (no ring)
rCorr    .         Rampage  .   (no ring)
Will     .....     NoTele   +   (no ring)
Stlth    +++++.....             (no ring)
HPRegen  0.25/turn              (no ring)
MPRegen  0.14/turn              (no ring)
                                (no ring)
                                (no ring)

@: tree-form, hasted, very quick
A: almost no armour, stealthy swim, (amphibious), 8 rings, (constrict 8)
a: Renounce Religion, Lesser Healing, Heal Other, Purification, Greater Healing,
Divine Protection


You were on level 8 of the Dungeon.
You worshipped Elyvilon.
Elyvilon was greatly pleased with you.
You were a tree.
You visited 1 branch of the dungeon, and saw 8 of its levels.

You collected 463 gold pieces.

Inventory:

Hand Weapons
 a - a +1 spear (weapon)
 b - the +1 hunting sling of the Several Artisans {flame, rPois Str+4 Int+4}
   (You found it on level 4 of the Dungeon)

   It causes projectiles fired from it to burn those they strike, causing extra
   injury to most foes and up to half again as much damage against particularly
   susceptible opponents.
   It affects your strength (+4).
   It affects your intelligence (+4).
   It protects you from poison.
 o - a +0 trident
 x - a +3 long sword
Missiles
 j - 212 stones (quivered)
 p - 2 datura-tipped darts
 t - 33 poisoned darts
 y - 8 curare-tipped darts
Jewellery
 c - a +6 ring of strength {unknown}
Wands
 f - a wand of digging (2)
Scrolls
 g - 2 scrolls of teleportation
 h - 2 scrolls of enchant weapon
 k - 2 scrolls of remove curse
 n - 2 scrolls of immolation
 v - 2 scrolls of fog
 C - a scroll of enchant armour {unknown}
Potions
 d - a potion of cancellation {unknown}
 e - a potion of attraction
 q - a potion of curing {unknown}
 r - 4 potions of magic
 w - a potion of ambrosia {unknown}
 z - a potion of resistance {unknown}
 A - a potion of brilliance {unknown}


   Skills:
 - Level 3.1 Fighting
 + Level 7.0 Polearms
 + Level 4.1(4.2) Slings
 - Level 1.1(2.8) Throwing
 * Level 7.3 Dodging
 + Level 11.5 Stealth
 + Level 6.4 Invocations


You had 9 spell levels left.
You didn't know any spells.
Your spell library contained the following spells:

 Spells                   Type           Power        Failure   Level
 Animate Skeleton         Necr           0%           28%         1
 Apportation              Tloc           0%           28%         1
 Corona                   Hex            0%           28%         1
 Magic Dart               Conj           0%           28%         1
 Pain                     Necr           0%           28%         1
 Summon Small Mammal      Summ           0%           28%         1
 Blink                    Tloc           N/A          41%         2
 Call Imp                 Summ           0%           41%         2
 Slow                     Hex            0%           41%         2
 Conjure Flame            Conj/Fire      0%           65%         3
 Mephitic Cloud           Conj/Pois/Air  0%           65%         3
 Vampiric Draining        Necr           0%           65%         3
 Animate Dead             Necr           0%           96%         4
 Agony                    Necr           0%           100%        5


Dungeon Overview and Level Annotations

Branches:
Dungeon (8/15)             Temple (0/1) D:5
   Lair: D:8-11

Altars:
Elyvilon
Gozag
Makhleb
Sif Muna
Uskayaw
Xom
Yredelemnul

Annotations:
D:3 2 runed translucent doors, exclusion: ogre, nyvra's ghost, amateur PaFi


Innate Abilities, Weirdness & Mutations

You cannot wear most types of armour.
You are very stealthy in the water. (Stealth+)
((You are amphibious.))
You can wear up to eight rings at the same time.
((You can use your tentacles to constrict eight enemies at once.))
((Your skin changes colour to match your surroundings (Stealth+).))
((Your rubbery body absorbs attacks. (AC +1, EV +1)))


Message History

The two-headed ogre is almost dead.
The two-headed ogre hits you with a +0 dire flail.
* * * LOW HITPOINT WARNING * * *
The two-headed ogre hits you with a +0 giant spiked club!
* * * LOW HITPOINT WARNING * * *
You hit the two-headed ogre but do no damage.
The two-headed ogre is almost dead.
You hit the two-headed ogre.
The two-headed ogre is almost dead.
The two-headed ogre hits you but does no damage. x2
You hit the two-headed ogre.
The two-headed ogre is almost dead.
The two-headed ogre hits you but does no damage.
The two-headed ogre hits you with a +0 giant spiked club!
* * * LOW HITPOINT WARNING * * *
You feel yourself speed up.
You hit the two-headed ogre but do no damage.
The two-headed ogre is almost dead.
The two-headed ogre hits you with a +0 dire flail!
You die...

#........).# #........#
#..........# #<.......#
..#.######## ####.#####
.#..####### ####..#
...##.....###.....#
#.###.....#...##.#######
..........O.#..........#
..........###..........#
..........#....O♣.....$#
............)..........#
............#..........#
.....#########..########
.....# #.###### .....#
##......# .....#####
#.......#
####.....####.#.....######
...##....##..............#


You could see a two-headed ogre.

Vanquished Creatures
  A two-headed ogre (D:8)
  A basilisk (D:8)
  4 phantoms
  3 sky beasts
  5 ogres
  2 centaurs
  2 bullfrogs
  A water moccasin zombie (D:7)
  A scorpion (D:8)
  3 wights (D:6)
  3 howler monkeys
  2 electric eels (D:7)
  A bullfrog zombie (D:7)
  A jelly (D:7)
  7 orc wizards
  A hound (D:8)
  5 orc priests
  2 iguanas
  3 worker ants
  7 gnolls
  10 adders
  3 shadow imps
  An ufetubus (D:6)
  11 oozes
  An adder skeleton (D:4)
  3 worms
  A dart slug (D:2)
  7 leopard geckos
  28 orcs
  11 giant cockroaches
  6 hobgoblins
  19 jackals
  4 quokkas
  9 bats
  5 frilled lizards
  8 goblins
  7 kobolds
  8 rats (D:1)
197 creatures vanquished.

Vanquished Creatures (others)
  16 plants (D:7)
16 creatures vanquished.

Grand Total: 213 creatures vanquished

Notes
Turn   | Place    | Note
-------+----------+-------------------------------------------
     0 | D:5      | Phaedo the Octopode Delver began the quest for the Orb.
     0 | D:5      | Reached XP level 1. HP: 16/16 MP: 1/1
    89 | D:5      | Found a white marble altar of Elyvilon.
    97 | D:5      | Became a worshipper of Elyvilon the Healer
   160 | D:4      | Noticed an orc wizard
   160 | D:4      | Noticed an orc wizard
   177 | D:4      | Killed an orc wizard
   178 | D:4      | Reached skill level 7 in Stealth
   178 | D:4      | Reached skill level 1 in Invocations
   178 | D:4      | Reached XP level 2. HP: 18/21 MP: 2/2
   178 | D:4      | Reached XP level 3. HP: 22/26 MP: 3/3
   890 | D:3      | Noticed an ogre
   940 | D:3      | Found a runed translucent door.
   943 | D:3      | Noticed nyvra's ghost (amateur PaFi)
   949 | D:3      | You fall into a shaft and drop 1 floor!
   976 | D:4      | Reached XP level 4. HP: 22/31 MP: 3/5
  1209 | D:4      | Reached skill level 8 in Stealth
  1449 | D:2      | Found a basalt altar of Yredelemnul.
  1758 | D:1      | Found a runed translucent door.
  1818 | D:1      | Reached * piety under Elyvilon
  2220 | D:1      | Reached XP level 5. HP: 36/36 MP: 6/6
  2862 | D:2      | Reached ** piety under Elyvilon
  3164 | D:2      | Found a burning altar of Makhleb.
  3288 | D:1      | Reached XP level 6. HP: 6/42 MP: 7/7
  4336 | D:3      | Found a hide-covered altar of Uskayaw.
  4435 | D:3      | Found an opulent altar of Gozag.
  4465 | D:3      | Found a runed translucent door.
  4941 | D:4      | Reached skill level 9 in Stealth
  4943 | D:4      | Got an iridescent hunting sling
  5138 | D:4      | Noticed a phantom
  5160 | D:4      | Killed a phantom
  5161 | D:4      | Reached XP level 7. HP: 25/46 MP: 9/9
  6267 | D:5      | Reached *** piety under Elyvilon
  6579 | D:5      | Reached skill level 5 in Polearms
  6831 | D:5      | Reached skill level 1 in Throwing
  7298 | D:4      | Reached XP level 8. HP: 52/52 MP: 11/11
  7307 | D:4      | Identified the +1 hunting sling of the Several Artisans
                  | {flame, rPois Str+4 Int+4} (You found it on level 4 of the
                  | Dungeon)
  7646 | D:5      | You fall into a shaft and drop 1 floor!
  7741 | D:5      | Found a staircase to the Ecumenical Temple.
  8577 | D:6      | Reached skill level 10 in Stealth
  8585 | D:6      | Reached skill level 1 in Slings
  9363 | D:6      | Reached **** piety under Elyvilon
  9618 | D:6      | Reached skill level 5 in Invocations
 10078 | D:6      | Reached skill level 5 in Dodging
 10171 | D:6      | Found a shimmering altar of Xom.
 10246 | D:7      | Reached XP level 9. HP: 48/56 MP: 12/12
 11363 | D:6      | HP: 2/56 [orc priest/+0 flail (5)]
 11984 | D:7      | Elyvilon protects you from harm!
 11984 | D:7      | Elyvilon protects you from harm!
 13192 | D:7      | Reached skill level 11 in Stealth
 13346 | D:7      | Elyvilon protects you from harm!
 13995 | D:8      | Noticed a two-headed ogre
 14031 | D:8      | Killed a two-headed ogre
 14047 | D:8      | HP: 1/56 [something (5)]
 14363 | D:8      | Reached XP level 10. HP: 46/63 MP: 14/14
 14532 | D:8      | Noticed a two-headed ogre
 14935 | D:8      | Found a shimmering blue altar of Sif Muna.
 15054 | D:8      | HP: 3/63 [two-headed ogre/+0 dire flail (16)]
 15429 | D:8      | HP: 2/94 [two-headed ogre/+0 dire flail (13)]
 15431 | D:8      | Mangled by a two-headed ogre

Illustrated notes

Levels and vault maps discovered:
D:1:      dpeg_arrival_caged_fury, layout_loops_ring, minmay_misc_feat_five,
          minmay_misc_feat_rows
D:2:      layout_rooms, general_overflow_altar, yredelemnul_altar_generic
D:3:      layout_rooms, eat_drink_and_be_merry_uskayaw, ebering_ghost_sewer_f,
          minmay_fountain_box, st_stairs_6, grunt_gozag_breadcrumbs
D:4:      layout_loops_cross
D:5:      layout_cave_pods, elyvilon_altar_1, minmay_temple_entry_mini_moons
D:6:      layout_cave_pods, hangedman_glass_teeth, tgw_xom
D:7:      layout_layer_cave, serial_bayou, serial_bayou_shore_b,
          serial_bayou_pond_e, serial_bayou_ford_a, serial_bayou_shore_b
D:8:      layout_rooms, tgw_sif

Skill      XL: |  1  2  3  4  5  6  7  8  9 10 |
---------------+-------------------------------+-----
Stealth        | 7 8 9 10 11 | 11.5
Invocations    | 1 2 3 4 5 6 |  6.4
Polearms       | 3 4 5 6 7 |  7.0
Dodging        | 3 5 7 |  7.3
Throwing       | 1 |  1.1
Slings         | 2 4 |  4.1
Fighting       | |  3.1

Action                   |  1- 3 |  4- 6 |  7- 9 | 10-12 || total
-------------------------+-------+-------+-------+-------++-------
Melee: Spear             |    33 |   263 |   354 |    46 ||   696
       Constrict         |     7 |    47 |    39 |     2 ||    95
       Tentacles         |     6 |    45 |    55 |     1 ||   107
 Fire: Hunting sling     |       |       |   220 |    12 ||   232
Throw: Stone             |       |    10 |    22 |       ||    32
Invok: Lesser Healing    |       |     1 |     3 |       ||     4
       Heal Other        |       |       |     1 |     7 ||     8
       Greater Healing   |       |       |     1 |       ||     1
Evoke: Wand              |       |     1 |       |       ||     1
  Use: Potion            |     1 |       |     5 |     3 ||     9
       Scroll            |     1 |     9 |     6 |     3 ||    19
 Stab: Sleeping          |     1 |    18 |     8 |       ||    27
       Distracted        |       |     2 |       |       ||     2
       Invisible         |       |       |     3 |       ||     3
Armor: Skin              |     1 |     6 |    51 |    13 ||    71
Dodge: Dodged            |    24 |   110 |   175 |    15 ||   324
